 Dungeon Crawl Stone Soup version 0.28.0-43-g3370ac3207 (webtiles) character file.

Game seed: 14625374416636014100

18 ZappyNine the Magician (level 2, 0/22 HPs)
             Began as a Djinni Venom Mage on Mar 14, 2022.
             Slain by a jackal (2 damage)
             ... on level 2 of the Dungeon.
             The game lasted 00:01:26 (1558 turns).

ZappyNine the Magician (Djinni Venom Mage)          Turns: 1558, Time: 00:01:27

Health: 0/22       AC:  2    Str:  7    XL:     2   Next: 90%
Gold:   44         EV: 12    Int: 16    God:
                   SH:  0    Dex: 13

rFire   + + .      SeeInvis .   c - +0 club
rCold   . . .      Faith    .   (no shield)
rNeg    . . .      Spirit   .   a - +0 robe
rPois   ∞          Reflect  .   (no helmet)
rElec   .          Harm     .   (no cloak)
rCorr   .          Rampage  .   (no gloves)
Will    .....                   (boots unavailable)
Stlth   ++........              (no amulet)
HPRegen 0.07/turn               f - ring of protection from cold
MPRegen 0.00/turn               (no ring)

@: flying
A: sickness immunity, fire resistance 2, cold vulnerability 1, float, innate
caster, HP casting, extra vitality 1
a: no special abilities


You were on level 2 of the Dungeon.
You visited 1 branch of the dungeon, and saw 2 of its levels.

You collected 44 gold pieces.

Inventory:

Hand Weapons
 c - a +0 club (weapon)
Armour
 a - a +0 robe (worn)
Jewellery
 f - a ring of protection from cold (left hand)
Scrolls
 b - a scroll of immolation {unknown}
 e - a scroll of fog {unknown}
 g - a scroll of enchant weapon {unknown}
 h - 2 scrolls of identify {unknown}
Potions
 d - a potion of cancellation {unknown}


   Skills:
 + Level 1.4 Fighting
 - Level 2.1 Dodging
 - Level 1.5 Stealth
 + Level 2.8 Spellcasting


You couldn't memorise any spells.
You knew the following spells:

 Your Spells              Type           Power      Damage    Failure   Level
a - Sting                 Tmut/Pois      44%        1d5       6%          1
b - Poisonous Vapours     Pois/Air       22%        N/A       9%          2
c - Mephitic Cloud        Conj/Pois/Air  11%        N/A       19%         3
d - Olgreb's Toxic Radia  Pois           11%        N/A       52%         4
Your spell library was empty.

Dungeon Overview and Level Annotations

Branches:
Dungeon (2/15)

Altars:


Innate Abilities, Weirdness & Mutations

You are immune to sickness and miasma.
You are immune to poison.
Your flesh is very heat resistant. (rF++)
You are vulnerable to cold. (rC-)
You float through the air rather than walking.
You learn spells naturally, not from books.
Your magical power is your life essence.
You have superior vitality. (+4 MHP)


Message History

Press: ? - help, Dir - move target, f - jackal
Aim: a jackal (moderately wounded) Poisonous vapours surround the jackal!
The jackal is poisoned.
The jackal closely misses you.
The jackal bites you but does no damage.
Unknown command.
Casting: Poisonous Vapours (safe; 10% risk of failure)
Confirm with . or Enter, or press ? or * to list all spells.
Aiming: Poisonous Vapours (safe; 10% risk of failure)
Press: ? - help, Dir - move target, f/p - jackal
Aim: a jackal (heavily wounded, poisoned) Poisonous vapours surround the jackal!
The jackal looks even sicker.
* * * LOW HITPOINT WARNING * * *
You kill the jackal!
Unknown command.
Casting: Poisonous Vapours (safe; 9% risk of failure)
Confirm with . or Enter, or press ? or * to list all spells.
Aiming: Poisonous Vapours (safe; 9% risk of failure)
Press: ? - help, Dir - move target, f - jackal
Aim: a jackal Poisonous vapours surround the jackal!
The jackal is poisoned.
* * * LOW HITPOINT WARNING * * *
The jackal barely misses you. x2
Unknown command.
Casting: Poisonous Vapours (safe; 9% risk of failure)
Confirm with . or Enter, or press ? or * to list all spells.
Aiming: Poisonous Vapours (safe; 9% risk of failure)
Press: ? - help, Dir - move target, f - jackal, p - jackal
Aim: a jackal Poisonous vapours surround the jackal!
The jackal is poisoned.
* * * LOW HITPOINT WARNING * * *
The jackal barely misses you.
Unknown command.
Unknown command.
The jackal looks more healthy. x2
The jackal closely misses you.
The jackal bites you but does no damage.
You are too injured to fight recklessly!
The jackal bites you.
You die...

#.. #.. #.# #.#
#.# #.# #.# #@#
#h#
############h#
####............#
.....#####.######
##.....###.#
#..#.#(†...#
#....(.#####
...#.#.


You could see 2 jackals.

Vanquished Creatures
  A ball python (D:1)
  3 goblins (D:1)
  3 hobgoblins (D:1)
  2 jackals (D:2)
  A quokka (D:1)
  3 frilled lizards (D:1)
  2 kobolds (D:1)
  2 rats (D:1)
17 creatures vanquished.

Notes
Turn   | Place    | Note
-------+----------+-------------------------------------------
     0 | D:1      | ZappyNine the Djinni Venom Mage began the quest for the
                  | Orb.
     0 | D:1      | Reached XP level 1. HP: 15/15 MP: 0/0
   423 | D:1      | Reached skill level 1 in Fighting
   423 | D:1      | Reached XP level 2. HP: 19/22 MP: 0/0
   690 | D:1      | Found a faded altar of an unknown god.
  1558 | D:2      | Slain by a jackal

Illustrated notes

Levels and vault maps discovered:
D:1:      mrwooster_arrival_arrow, layout_loops_ring,
          shapermc_ecumenical_altar_ellora
D:2:      minmay_alternating_diamond, layout_loops_ring, glass_columns_a,
          hangedman_decor_lopped, minmay_fountain_box, minmay_tripent,
          uniq_robin, uniq_natasha

Skill      XL: |  1 |
---------------+----+-----
Fighting       | 1 |  1.4
Dodging        | |  2.1
Stealth        | |  1.5
Spellcasting   | |  2.8

Action                   || total
-------------------------++-------
Melee: Club              ||    61
       Punch             ||     2
 Cast: Sting             ||     7
       Poisonous Vapours ||     8
 Stab: Sleeping          ||     1
Armor: Robe              ||    13
Dodge: Dodged            ||    67
